 Dungeon Crawl Stone Soup version 0.17-a0-1399-gd5b76e1 (webtiles) character file.

37852 RobertPalmer the Fighter (level 13, 38/129 HPs)
             Began as an Ogre Chaos Knight on June 19, 2015.
             Starved to death
             ... on level 7 of the Lair of Beasts.
             The game lasted 00:47:34 (20011 turns).

RobertPalmer the Fighter (Ogre Chaos Knight)       Turns: 20011, Time: 00:47:34

Health: 38/129     AC: 13    Str: 22    XL:     13   Next: 99%
Magic:  21/21      EV: 29    Int: 11    God:    Xom [..*...]
Gold:   857        SH:  0    Dex: 18    Spells: 0 memorised, 12 levels left

rFire  . . .     SeeInvis +     a - +2 whip (elec)
rCold  . . .     Rnd*Rage +     u - +2 robe {MR+}
rNeg   . . .     SustAt   .     (no shield)
rPois  .         Gourm    .     (helmet restricted)
rElec  .         Spirit   .     i - +2 cloak {MR+}
rCorr  .         Warding  .     (gloves unavailable)
rMut   .         Stasis   .     (boots unavailable)
MR     +++..                    m - amulet of regeneration {+regen, !d}
Stlth  +++.......               J - ring of see invisible {sInv, !d}
                                C - ring "Hathruo" {EV+3 Str+2}

@: agile, very slightly contaminated, starving, invisible, extremely resistant
to hostile enchantments, fairly stealthy
A: unfitting armour, repulsion field 1, iridescent scales 1, berserk 1,
deterioration 2, frail 1, sense surroundings 1, shaggy fur 1, tough skin 1,
MP-powered wands
a: Renounce Religion


You were on level 7 of the Lair of Beasts.
You worshipped Xom.
You were a toy of Xom.
You were starving.

You visited 2 branches of the dungeon, and saw 19 of its levels.
You also visited: Sewer.

You collected 1233 gold pieces.
You spent 376 gold pieces at shops.

Inventory:

Hand weapons
 a - a +2 whip of electrocution (weapon)
   (You found it on level 1 of the Dungeon)
 P - a +0 giant spiked club
   (You took it off an ogre on level 6 of the Dungeon)
Armour
 i - a +2 cloak of magic resistance (worn)
   (You acquired it on level 2 of the Lair of Beasts)
 u - a +2 robe of magic resistance (worn)
   (You found it on level 3 of the Dungeon)
 A - the -1 large shield of Onaja {Int+5}
   (You acquired it on level 4 of the Lair of Beasts)

   It affects your intelligence (+5).
Rods
 b - a +6 rod of clouds (16/17) {!a}
   (You found it on level 12 of the Dungeon)
Jewellery
 m - an amulet of regeneration (around neck) {+regen, !d}
   (You found it in a sewer)
 n - a cursed ring of teleportation {+/*tele, !d}
   (You found it in a sewer)
 r - an uncursed amulet of the gourmand {Gourm, !d}
   (You found it on level 2 of the Dungeon)
 t - an uncursed ring of positive energy {rN+}
   (You found it on level 2 of the Dungeon)
 z - an uncursed ring of protection from fire {rF+, !d}
   (You found it on level 3 of the Lair of Beasts)
 C - the ring "Hathruo" (left hand) {EV+3 Str+2}
   (You found it on level 12 of the Dungeon)

   [ring of evasion]

   It affects your evasion (+3).
   It affects your strength (+2).
 E - an uncursed ring of poison resistance {rPois, !d}
   (You found it on level 7 of the Dungeon)
 J - a ring of see invisible (right hand) {sInv, !d}
   (You found it on level 4 of the Lair of Beasts)
Magical devices
 e - a wand of confusion (14)
   (You found it on level 6 of the Dungeon)
 g - a wand of disintegration (14)
   (You found it on level 5 of the Lair of Beasts)
 k - a wand of frost (16)
   (You found it on level 3 of the Lair of Beasts)
 o - a wand of fireball (7)
   (You found it on level 3 of the Lair of Beasts)
 w - a wand of fire (7)
   (You found it on level 3 of the Lair of Beasts)
 D - a wand of lightning (0)
   (You found it on level 6 of the Dungeon)
 G - a wand of invisibility (0)
   (You found it on level 7 of the Dungeon)
 H - a wand of disintegration (2)
   (You found it on level 10 of the Dungeon)
 I - a wand of draining (1)
   (You found it on level 10 of the Dungeon)
 L - a wand of disintegration (18)
   (You found it on level 10 of the Dungeon)
Scrolls
 d - 4 scrolls of identify
 f - 6 scrolls of amnesia
 v - 9 scrolls of remove curse
 y - 3 scrolls of magic mapping {!r}
 F - 3 scrolls of fear
 K - 2 scrolls of enchant armour
Potions
 h - 2 potions of curing
 j - 4 potions of magic
 l - a potion of flight
 q - a potion of agility
Books
 R - a book of Party Tricks
   (You found it on level 6 of the Lair of Beasts)
 S - a Necronomicon {highlevel, unknown}
   (You found it on level 7 of the Lair of Beasts)
Miscellaneous
 x - a fan of gales (inert)
   (You found it on level 11 of the Dungeon)
 M - a crystal ball of energy
   (You found it on level 6 of the Lair of Beasts)
Comestibles
 c - 3 bread rations {@e1}
 p - 18 fruits
 B - 14 meat rations {@e2}
 Q - a beef jerky


   Skills:
 - Level 13.2 Fighting
 - Level 11.9 Maces & Flails
 - Level 12.9 Dodging
 + Level 11.5 Evocations


You had 12 spell levels left.
You didn't know any spells.

Dungeon Overview and Level Annotations

Branches:
Dungeon (12/15)            Temple (0/1) D:6            Lair (7/8) D:11
 Shoals (0/4) Lair:5        Snake (0/4) Lair:6          Orc (0/4) D:12
  Slime: Lair:6-8

Altars:
Ashenzari
Dithmenos
Fedhas
Okawaru
Ru
Vehumet
Xom

Shops:
D:4 :   D:11 ?

Annotations:
D:3 Sigmund
D:8 exclusion: 2 oklob saplings
D:10 exclusion: Urug, Urug
Lair:3 exclusion: 4 oklob plants


Innate Abilities, Weirdness & Mutations

You are too large for most types of armour.
You have tough skin (AC +1).
You are surrounded by a mild repulsion field (EV +2).
You are partially covered in iridescent scales (AC +4).
You tend to lose your temper in combat.
Your body often deteriorates upon taking damage.
You are frail (-10% HP).
You passively map a small area around you.
You are covered in fur (AC +1).
You expend magic power (3 MP) to strengthen your wands.


Message History

You hit the death yak but do no damage.
You catch the helpless death yak completely off-guard!
You hit the death yak. You hit the death yak.
There is a sudden explosion of sparks!
The death yak completely misses you.
You hit the death yak.
You kill the death yak!
You hit the death yak but do no damage. The death yak gores you!!
The death yak misses you.
You take 19 damage, and have 71/129 hp.
You completely miss the death yak. You hit the death yak but do no damage.
The death yak misses you. The death yak closely misses you.
You catch the helpless death yak completely off-guard!
You hit the death yak but do no damage. You barely miss the death yak.
The death yak barely misses you. The death yak gores you!
You take 14 damage, and have 58/129 hp.
You catch the helpless death yak completely off-guard!
You hit the death yak. You hit the death yak but do no damage.
The death yak completely misses you. The death yak misses you.
You strike the helpless death yak from behind!
You hit the death yak.
The water moccasin hisses angrily.
You hit the death yak. The death yak gores you!
You take 7 damage, and have 52/129 hp.
You hit the death yak but do no damage.
You catch the helpless death yak completely off-guard!
You hit the death yak but do no damage.
There is a sudden explosion of sparks!
You kill the death yak!
You hit the death yak but do no damage.
Xom's attention almost turns to you for a moment.
Your fan of gales (inert) falls out of your pack, then immediately jumps back in!
You hit the death yak but do no damage. The death yak gores you.
You take 4 damage, and have 49/129 hp.
You barely miss the death yak. You hit the death yak but do no damage.
There is a sudden explosion of sparks!
The death yak misses you.
You hit the death yak but do no damage.
There is a sudden explosion of sparks!
You kill the death yak!
You hit the water moccasin.
The water moccasin completely misses you.
You catch the helpless water moccasin completely off-guard!
You hit the water moccasin.
You lose consciousness!
Xom roars with laughter!
The water moccasin bites you but does no damage.
The water moccasin barely misses you.
The water moccasin bites you but does no damage.
The water moccasin bites you but does no damage.
The water moccasin bites you.
You are poisoned.
The water moccasin poisons you!
You feel sick. The water moccasin bites you. The water moccasin bites you.
You feel sick.
The water moccasin bites you but does no damage.
The water moccasin bites you but does no damage.
The water moccasin barely misses you.
You feel sick. "Go forth and cause havoc, mortal!"
You feel agile all of a sudden.
The water moccasin bites you but does no damage.
The water moccasin barely misses you.
You feel sick. The water moccasin barely misses you.
The water moccasin bites you.
You are more poisoned.
The water moccasin poisons you!
You feel sick.
The water moccasin completely misses you.
You feel sick. The water moccasin bites you!
* * * LOW HITPOINT WARNING * * *
You are more poisoned.
The water moccasin poisons you! The water moccasin bites you.
* * * LOW HITPOINT WARNING * * *
You are more poisoned.
The water moccasin poisons you!
You can move again.
You take 22 damage, and have 30/129 hp.
Unknown command.
Unknown command.
Unknown command.
Drink which item? (? for menu, Esc to quit)
You feel better. The water moccasin barely misses you.
You regained 5 hp, and now have 35/129 hp.
You miss the water moccasin.
The water moccasin completely misses you.
You miss the water moccasin.
You catch the helpless water moccasin completely off-guard!
You hit the water moccasin.
There is a sudden explosion of sparks!
You are contaminated with residual magic.
Your body shudders with the violent release of wild energies!
You feel a little pissed off.
You feel less contaminated with magical energies.
You fade completely from view now that you are no longer glowing from magical contamination.
You hit the water moccasin.
The water moccasin completely misses you. x2
You have starved to death.
You die...
Xom thinks this is hilarious!

##........# #.#........
#....#...P# ###.........
##P.#.##.P# ###...........
#..####...# #............. ##.##
....# ####.......... ##..# #..##
### ###..........
##P.#####....##.###...........>
#....#...........P.P...........
##....#.......@.P.PP........P..
##...........SP.P.#.......P...
######.........##..##.......P....
#.#.##........# ##P##.....P......
##..#.......## ####....PP#.....
#...<......##### *#P........ ..
##..#...........## ...P......
#.....#..........# #...#..#..
#######..P.......#. ....P.#.#.


You could see a water moccasin.

Vanquished Creatures
  Snorg (D:11)
  A fire dragon (Lair:7)
  An ice dragon (Lair:5)
  A queen ant (Lair:2)
  7 death yaks (Lair:7)
  A fire crab (Lair:5)
  A sea snake (D:12)
  4 griffons
  11 spiny frogs
  2 torpor snails
  4 black mambas
  4 komodo dragons
  6 fire drakes
  A jumping spider (Lair:6)
  Grinder (D:4)
  13 blink frogs
  A snapping turtle (Lair:5)
  A two-headed ogre (D:11)
  A wraith (D:11)
  A hog (Lair:3)
  A deep elf mage (D:9)
  31 yaks
  4 hippogriffs
  Grum (D:9)
  A basilisk (Lair:4)
  3 wolves
  5 porcupines
  Edmund (D:5)
  10 water moccasins
  12 soldier ants (Lair:2)
  Duvessa (D:5)
  3 nagas (Lair:6)
  5 orc warriors
  An ice beast (D:11)
  3 ogres
  2 sky beasts
  A black bear (shapeshifter) (D:12)
  A necrophage (D:8)
  2 phantoms
  4 centaurs
  7 crocodiles
  A big kobold (D:9)
  A gnoll sergeant (D:6)
  19 giant frogs
  Dowan (D:5)
  2 scorpions
  A water moccasin skeleton (D:7)
  3 killer bees (D:6)
  2 giant frog zombies
  A wandering mushroom (D:8)
  2 crimson imps
  4 centaur zombies
  12 orc priests
  9 iguanas
  12 orc wizards
  3 jellies
  A giant frog skeleton (D:12)
  5 hounds
  46 worker ants
  A worker ant zombie (D:11)
  3 gnolls (D:6)
  30 river rats
  3 shadow imps
  9 adders
  3 white imps (Lair:5)
  3 oozes
  An adder zombie (D:3)
  4 worms
  29 orcs
  10 bats
  A bat skeleton (D:5)
  14 giant cockroaches
  17 goblins
  13 hobgoblins
  14 jackals
  8 kobolds
  4 ball pythons
  10 giant geckos
  A giant gecko skeleton (D:7)
  5 giant newts
  3 quokkas
  13 rats
486 creatures vanquished.

Vanquished Creatures (collateral kills)
  A centaur zombie (D:12)
  A yak (Lair:6)
  A wolf (D:9)
  A soldier ant (Lair:2)
  An orc priest (D:11)
  A hound (D:9)
  A worker ant (D:6)
  An adder (D:9)
  An orc (D:3)
  A jackal (D:3)
  A kobold (D:9)
11 creatures vanquished.

Vanquished Creatures (others)
  3 blink frogs
  A yak (D:11)
  A wolf (D:9)
  An orc wizard (D:9)
  An orc (D:9)
  3 kobolds (D:9)
  3 fungi
  A plant (Lair:7)
14 creatures vanquished.

Grand Total: 511 creatures vanquished

Notes
Turn   | Place    | Note
--------------------------------------------------------------
     0 | D:1      | RobertPalmer the Ogre Chaos Knight began the quest for the Orb.
     0 | D:1      | Reached XP level 1. HP: 24/24 MP: 1/1
   145 | D:1      | XOM: harmless Erth miscast
   273 | D:1      | XOM: divination: detect items
   295 | D:1      | Reached XP level 2. HP: 32/32 MP: 2/2
   473 | D:1      | XOM: harmless Pois miscast
   693 | D:2      | Reached skill level 5 in Maces & Flails
   695 | D:2      | XOM is BORED!
   695 | D:2      | XOM: blink monster(s)
   730 | D:2      | XOM: silly message
   753 | D:2      | Reached XP level 3. HP: 34/39 MP: 3/3
   908 | D:2      | Reached skill level 6 in Maces & Flails
  1093 | D:2      | XOM: mild Hex miscast
  1124 | D:2      | Reached XP level 4. HP: 46/48 MP: 4/4
  1282 | D:3      | Found a glowing drain.
  1295 | Sewer    | Entered a sewer
  1514 | Sewer    | Reached skill level 7 in Maces & Flails
  1552 | Sewer    | Noticed a giant frog
  1564 | Sewer    | Killed a giant frog
  1564 | Sewer    | Reached XP level 5. HP: 47/54 MP: 5/5
  1721 | D:3      | XOM: enchant monster (good)
  1763 | D:3      | Reached skill level 8 in Maces & Flails
  1789 | D:3      | Found a shimmering altar of Xom.
  1790 | D:3      | Found an iron altar of Okawaru.
  1814 | D:3      | XOM: silly message
  1937 | D:3      | Noticed Sigmund
  1947 | D:3      | XOM: noise
  1948 | D:3      | XOM: chaos cloud
  1952 | D:3      | Paralysed by you for 3 turns
  1964 | D:3      | Noticed Sigmund
  1964 | D:3      | XOM: polymorph something unseen -> Sigmund the black bear
  2132 | D:3      | Reached XP level 6. HP: 26/62 MP: 6/6
  2445 | D:4      | XOM is BORED!
  2445 | D:4      | XOM: give mutations
  2445 | D:4      | Gained mutation: You can breathe flames. [Xom's mischief]
  2445 | D:4      | Gained mutation: You are frail (-10% HP). [Xom's mischief]
  2445 | D:4      | Lost mutation: You can breathe flames. [Xom's mischief]
  2445 | D:4      | Lost mutation: You are frail (-10% HP). [Xom's mischief]
  2465 | D:4      | Reached skill level 9 in Maces & Flails
  2564 | D:4      | Found Xazxen Nohae's Book Shop.
  2595 | D:4      | Found a shadowy altar of Dithmenos.
  2769 | D:4      | Noticed Grinder
  2777 | D:4      | Paralysed by Grinder for 5 turns
  2788 | D:4      | XOM: noise
  2803 | D:4      | Paralysed by Grinder for 4 turns
  2812 | D:4      | Killed Grinder
  2812 | D:4      | Reached skill level 10 in Maces & Flails
  2812 | D:4      | Reached XP level 7. HP: 70/70 MP: 7/7
  2952 | D:4      | XOM: colour smoke trail
  3146 | D:5      | Entered Level 5 of the Dungeon
  3167 | D:5      | Noticed Edmund
  3184 | D:5      | Killed Edmund
  3184 | D:5      | Reached skill level 11 in Maces & Flails
  3223 | D:5      | XOM: potion effect (might)
  3257 | D:5      | XOM: divination: magic mapping
  3292 | D:5      | XOM: enchant monster (good)
  3298 | D:5      | Reached XP level 8. HP: 78/78 MP: 8/8
  3352 | D:5      | Found a blossoming altar of Fedhas.
  3355 | D:5      | Found a sacrificial altar of Ru.
  3447 | D:5      | Reached skill level 5 in Fighting
  3870 | D:5      | Noticed Duvessa
  3914 | D:5      | Noticed Dowan
  3927 | D:5      | Killed Dowan
  3927 | D:5      | Reached skill level 6 in Fighting
  3935 | D:5      | Killed Duvessa
  4099 | D:5      | Reached skill level 7 in Fighting
  4397 | D:5      | XOM: noise
  4552 | D:6      | Found a shattered altar of Ashenzari.
  4568 | D:6      | Reached skill level 8 in Fighting
  4623 | D:6      | Reached skill level 9 in Fighting
  4841 | D:6      | XOM: summons friendly iron imp
  4849 | D:6      | Reached XP level 9. HP: 78/101 MP: 9/9
  4924 | D:6      | Reached skill level 10 in Fighting
  4988 | D:6      | Found a staircase to the Ecumenical Temple.
  5010 | D:6      | Reached skill level 11 in Fighting
  5207 | D:6      | XOM: polymorph gnoll -> giant gecko
  5241 | D:6      | XOM: noise
  5386 | D:6      | XOM: summons 3 hostile shadow creatures
  5486 | D:6      | XOM: vitrification
  5636 | D:6      | XOM: vitrification
  6004 | D:7      | Reached skill level 12 in Fighting
  6497 | D:7      | Found a radiant altar of Vehumet.
  6497 | D:7      | XOM: 3-stop teleportation journey
  6628 | D:7      | XOM: cast spell 'Ice Form'
  6694 | D:7      | XOM: swap monsters
  6704 | D:7      | XOM: mild Chrm miscast
  6737 | D:7      | XOM: mild Divn miscast
  6870 | D:7      | XOM is BORED!
  6870 | D:7      | XOM: mild Chrm miscast
  7111 | D:8      | XOM: 3-stop teleportation journey
  7167 | D:8      | XOM: give mutations
  7167 | D:8      | Gained mutation: Scrolls take you a little longer to read. [Xom's mischief]
  7167 | D:8      | Gained mutation: Your muscles are strong. (Str +2) [Xom's mischief]
  7167 | D:8      | Gained mutation: You are covered in fur (AC +1). [Xom's mischief]
  7226 | D:8      | XOM: stat loss: -1 Str (20/21)
  7609 | D:8      | XOM: chaos cloud
  7610 | D:8      | XOM: harmless Fire miscast
  7614 | D:8      | Reached skill level 13 in Fighting
  7795 | D:8      | Noticed a wandering mushroom
  7976 | D:8      | Noticed a wandering mushroom
  7981 | D:8      | XOM: harmless Air miscast
  8004 | D:8      | Killed a wandering mushroom
  8008 | D:8      | Found a blossoming altar of Fedhas.
  8008 | D:8      | Noticed a wandering mushroom
  8008 | D:8      | Noticed a wandering mushroom
  8032 | D:8      | XOM: harmless Hex miscast
  8328 | D:8      | XOM: severe Pois miscast
  8435 | D:9      | XOM: noise
  8437 | D:9      | XOM: cast spell 'Monstrous Menagerie'
  8439 | D:9      | Reached skill level 3 in Dodging
  8506 | D:9      | Reached XP level 10. HP: 119/119 MP: 10/10
  8708 | D:9      | Noticed Grum
  8708 | D:9      | XOM: confuse monster(s)
  8720 | D:9      | Reached skill level 4 in Dodging
  8725 | D:9      | XOM: destruction
  8740 | D:9      | Killed Grum
  8850 | D:9      | XOM: colour smoke trail
  8885 | D:9      | Reached skill level 5 in Dodging
  8892 | D:9      | XOM: divination: detect creatures
  9037 | D:10     | Entered Level 10 of the Dungeon
  9078 | D:10     | XOM: enchant monster (good)
  9096 | D:10     | Reached skill level 6 in Dodging
  9096 | D:10     | XOM: enchant monster (good)
  9099 | D:10     | XOM: polymorph iguana -> wolf
  9140 | D:10     | XOM: fog
  9324 | D:10     | Noticed Urug
  9436 | D:10     | Found a blossoming altar of Fedhas.
  9461 | D:10     | Reached skill level 7 in Dodging
  9476 | D:10     | XOM: 1-stop teleportation journey
  9488 | D:10     | XOM: enchant monster (good)
  9663 | D:10     | XOM: vitrification
  9955 | D:11     | Noticed a black mamba
  9955 | D:11     | a yak changed into a black mamba
  9955 | D:11     | XOM: polymorph yak -> black mamba
  9966 | D:11     | Killed a black mamba
  9985 | D:11     | XOM: swap monsters
  9987 | D:11     | XOM: swap monsters
  9993 | D:11     | You fall through a shaft!
 10082 | D:12     | XOM: cast spell 'Dragon Form'
 10108 | D:12     | Found a staircase to the Orcish Mines.
 10108 | D:12     | Noticed a hill giant
 10113 | D:12     | XOM: butterfly on damage
 10118 | D:12     | XOM: divination: detect creatures
 10151 | D:12     | Noticed a sea snake
 10151 | D:12     | a hill giant changed into a sea snake
 10151 | D:12     | XOM: polymorph hill giant -> sea snake
 10156 | D:12     | Got a vibrating wooden ring
 10163 | D:12     | Identified the ring "Hathruo" {EV+3 Str+2} (You found it on level 12 of the Dungeon)
 10166 | D:11     | Found Ypteucky's Magic Scroll Shop.
 10168 | D:11     | Bought a scroll of teleportation for 48 gold pieces
 10168 | D:11     | Bought a scroll of blinking for 120 gold pieces
 10168 | D:11     | Bought a scroll of teleportation for 48 gold pieces
 10168 | D:11     | Bought 3 scrolls of identify for 96 gold pieces
 10168 | D:11     | Bought a scroll of identify for 32 gold pieces
 10168 | D:11     | Bought a scroll of identify for 32 gold pieces
 10171 | D:11     | XOM: confuse monster(s)
 10221 | D:11     | XOM: mild Chrm miscast
 10303 | D:11     | Reached skill level 8 in Dodging
 10314 | D:11     | XOM: cast spell 'Blink'
 10322 | D:11     | XOM: smoke on damage
 10409 | D:11     | Found a runed door.
 10534 | D:11     | XOM: confusion
 10570 | D:11     | XOM: confuse monster(s)
 10580 | D:11     | Reached XP level 11. HP: 71/127 MP: 11/11
 10667 | D:11     | XOM: 1-stop teleportation journey
 10699 | D:11     | Noticed Snorg
 10736 | D:11     | XOM: potion effect (haste)
 10743 | D:11     | XOM: confuse monster(s)
 10746 | D:11     | Reached skill level 9 in Dodging
 10751 | D:11     | XOM: smoke on damage
 10767 | D:11     | XOM: swap monsters
 10769 | D:11     | Killed Snorg
 10826 | D:11     | XOM: enchant monster (good)
 10834 | D:11     | Reached skill level 10 in Dodging
 10838 | D:11     | XOM: divination: detect items
 10851 | D:11     | XOM: cast spell 'Ring of Flames'
 10921 | D:11     | Found a runed door.
 10974 | D:11     | Found a staircase to the Lair.
 11348 | D:11     | XOM: harmless Necr miscast
 11357 | D:11     | XOM: confuse monster(s)
 11360 | D:11     | XOM: enchant monster (good)
 11460 | Lair:1   | Entered Level 1 of the Lair of Beasts
 11479 | Lair:1   | XOM: enchant monster (good)
 11654 | D:12     | XOM: cast spell 'Stoneskin'
 11709 | D:12     | Identified a -2 rod of clouds (14/14) (You found it on level 12 of the Dungeon)
 11742 | D:12     | XOM: 2-stop teleportation journey
 11753 | D:12     | XOM: summons 2 friendly demons
 11755 | D:12     | XOM: mild Pois miscast
 11759 | D:12     | XOM: confuse monster(s)
 11767 | D:12     | Killed a sea snake
 11767 | D:12     | Reached skill level 11 in Dodging
 11837 | D:12     | XOM: cast spell 'Necromutation'
 11894 | D:12     | XOM: blink monster(s)
 11897 | D:12     | XOM: summons 2 friendly demons
 11901 | D:12     | XOM: swap monsters
 11935 | D:12     | HP: 31/127 [something (2)]
 11938 | D:12     | HP: 12/127 [something (10)]
 11939 | D:12     | XOM: silly message
 12001 | D:11     | XOM: summons 5 hostile demons
 12033 | D:11     | XOM: polymorph butterfly -> adder
 12288 | Lair:1   | XOM: confusion
 12297 | Lair:1   | XOM: confusion (+ monsters)
 12305 | Lair:1   | XOM: chaos cloud
 12345 | Lair:1   | XOM: blink monster(s)
 12491 | Lair:1   | XOM: enchant monster (bad)
 12503 | Lair:1   | Reached skill level 12 in Dodging
 12635 | Lair:1   | XOM: noise
 12639 | Lair:1   | Reached XP level 12. HP: 115/136 MP: 12/12
 12766 | Lair:1   | XOM: medium Trmt miscast
 12767 | Lair:1   | XOM: enchant monster (good)
 12769 | Lair:1   | XOM: summons 2 hostile demons
 12869 | Lair:1   | XOM: confusion
 13022 | Lair:1   | XOM: silly message
 13075 | Lair:1   | XOM: mild Erth miscast
 13341 | Lair:2   | Identified a scroll of acquirement
 13404 | Lair:2   | XOM: fog
 13409 | Lair:2   | XOM: enchant monster (bad)
 13411 | Lair:2   | XOM: blink monster(s)
 13412 | Lair:2   | XOM: summons 3 hostile shadow creatures
 13440 | Lair:2   | XOM: silly message
 13569 | Lair:2   | Reached skill level 1 in Evocations
 13596 | Lair:2   | XOM: torment (67/136 hp)
 13760 | Lair:2   | XOM: enchant monster (bad)
 13791 | Lair:2   | XOM: blink monster(s)
 13795 | Lair:2   | Reached skill level 2 in Evocations
 13801 | Lair:2   | Noticed a queen ant
 13812 | Lair:2   | Killed a queen ant
 13812 | Lair:2   | Reached skill level 3 in Evocations
 13861 | Lair:2   | XOM: enchant monster (bad)
 13929 | Lair:2   | Reached skill level 4 in Evocations
 14005 | Lair:2   | XOM: medium Ice miscast
 14122 | Lair:2   | XOM: summons 5 hostile shadow creatures
 14241 | Lair:2   | XOM: confusion (+ monsters)
 14242 | Lair:2   | XOM: enchant monster (good)
 14530 | Lair:3   | Reached skill level 5 in Evocations
 14549 | Lair:3   | XOM: 3-stop teleportation journey
 14600 | Lair:3   | XOM: polymorph yak -> hog
 14602 | Lair:3   | XOM: confusion
 14733 | Lair:3   | XOM: confusion
 14786 | Lair:3   | XOM: stat loss: -1 Str (23/24)
 15130 | Lair:3   | Reached skill level 6 in Evocations
 15130 | Lair:3   | XOM: divine lightning (protected)
 15502 | Lair:3   | XOM: medium Tloc miscast
 15559 | Lair:3   | XOM is BORED!
 15559 | Lair:3   | XOM: give mutations
 15559 | Lair:3   | Lost mutation: Your muscles are strong. (Str +2) [Xom's mischief]
 15559 | Lair:3   | Gained mutation: Armour fits poorly on your strangely shaped body. [Xom's mischief]
 15784 | Lair:4   | XOM: noise
 15786 | Lair:4   | XOM: confusion (+ monsters)
 15790 | Lair:4   | XOM: 3-stop teleportation journey
 15796 | Lair:4   | Got a translucent large shield
 15838 | Lair:4   | Reached skill level 7 in Evocations
 15934 | Lair:4   | XOM: give mutations
 15934 | Lair:4   | Gained mutation: Your body sometimes deteriorates upon taking damage. [Xom's mischief]
 15934 | Lair:4   | Gained mutation: You are clumsy. (Dex -2) [Xom's mischief]
 15948 | Lair:4   | XOM: 1-stop teleportation journey
 15949 | Lair:4   | Gained mutation: You can spit weak poison. [potion of mutation]
 15949 | Lair:4   | Gained mutation: Your spells are a little harder to cast, but a little more powerful. [potion of mutation]
 15950 | Lair:4   | Gained mutation: You are frail (-10% HP). [potion of mutation]
 15950 | Lair:4   | Gained mutation: You are weak. (Str -2) [potion of mutation]
 15950 | Lair:4   | Gained mutation: You expend magic power (3 MP) to strengthen your wands. [potion of mutation]
 15969 | Lair:4   | XOM: enchant monster (bad)
 16345 | Lair:4   | XOM: cast spell 'Hydra Form'
 16358 | Lair:4   | XOM: blink monster(s)
 16363 | Lair:4   | Reached XP level 13. HP: 118/129 MP: 18/18
 16422 | Lair:4   | XOM: give mutations
 16422 | Lair:4   | Lost mutation: Armour fits poorly on your strangely shaped body. [Xom's mischief]
 16422 | Lair:4   | Gained mutation: You occasionally shout uncontrollably at your foes. [Xom's mischief]
 16422 | Lair:4   | Lost mutation: You are clumsy. (Dex -2) [Xom's mischief]
 16422 | Lair:4   | Lost mutation: You occasionally shout uncontrollably at your foes. [Xom's mischief]
 16680 | Lair:4   | XOM: confusion (+ monsters)
 16707 | Lair:4   | XOM: colour smoke trail
 16930 | Lair:5   | XOM: summons friendly iron imp
 16949 | Lair:5   | Reached skill level 8 in Evocations
 17013 | Lair:5   | XOM: medium Air miscast
 17178 | Lair:5   | XOM: harmless Chrm miscast
 17192 | Lair:5   | XOM: divination: magic mapping
 17197 | Lair:5   | XOM: summons friendly quasit
 17295 | Lair:5   | XOM: swap monsters
 17344 | Lair:5   | Identified the -1 large shield of Onaja {Int+5} (You acquired it on level 4 of the Lair of Beasts)
 17447 | Lair:5   | XOM: chaos cloud
 17448 | Lair:5   | XOM: noise
 17500 | Lair:5   | XOM: give mutations
 17500 | Lair:5   | Gained mutation: Your body often deteriorates upon taking damage. [Xom's mischief]
 17500 | Lair:5   | Gained mutation: You passively map a small area around you. [Xom's mischief]
 17500 | Lair:5   | Lost mutation: You can spit weak poison. [Xom's mischief]
 17500 | Lair:5   | Gained mutation: You are surrounded by a mild repulsion field (EV +2). [Xom's mischief]
 17720 | Lair:5   | Found a staircase to the Shoals.
 17784 | Lair:5   | Reached skill level 9 in Evocations
 18128 | Lair:6   | Found a staircase to the Snake Pit.
 18526 | Lair:6   | XOM: polymorph yak -> jumping spider
 18569 | Lair:6   | XOM: enchant monster (bad)
 18571 | Lair:6   | XOM: confuse monster(s)
 18619 | Lair:6   | XOM: give mutations
 18619 | Lair:6   | Lost mutation: Scrolls take you a little longer to read. [Xom's mischief]
 18619 | Lair:6   | Gained mutation: You are partially covered in iridescent scales (AC +4). [Xom's mischief]
 18619 | Lair:6   | Lost mutation: You are weak. (Str -2) [Xom's mischief]
 18619 | Lair:6   | Lost mutation: Your spells are a little harder to cast, but a little more powerful. [Xom's mischief]
 18710 | Lair:6   | XOM: fog
 18828 | Lair:6   | XOM: harmless Erth miscast
 19066 | Lair:7   | Found a blossoming altar of Fedhas.
 19134 | Lair:7   | Reached skill level 10 in Evocations
 19177 | Lair:7   | XOM: smoke on damage
 19199 | Lair:7   | XOM is BORED!
 19199 | Lair:7   | XOM: mild Erth miscast
 19316 | Lair:7   | XOM: 2-stop teleportation journey
 19319 | Lair:7   | XOM: enchant monster (good)
 19333 | Lair:7   | XOM: enchant monster (good)
 19340 | Lair:7   | XOM: mild Air miscast
 19357 | Lair:7   | XOM: potion effect (haste)
 19415 | Lair:7   | XOM: harmless Ice miscast
 19442 | Lair:7   | XOM: divination: detect items
 19585 | Lair:7   | XOM: divination: detect items
 19700 | Lair:7   | XOM: divination: magic mapping
 19760 | Lair:7   | XOM: potion effect (curing)
 19761 | Lair:7   | XOM: potion effect (heal wounds)
 19812 | Lair:7   | XOM: potion effect (invisibility)
 19884 | Lair:7   | Reached skill level 11 in Evocations
 19947 | Lair:7   | XOM: harmless Air miscast
 19958 | Lair:7   | XOM: potion effect (invisibility)
 19984 | Lair:7   | XOM: silly message
 20000 | Lair:7   | XOM: potion effect (agility)
 20004 | Lair:7   | HP: 30/129 [water moccasin (6)]
 20009 | Lair:7   | Gained mutation: You tend to lose your temper in combat. [mutagenic glow]
 20011 | Lair:7   | Starved to death

Vault maps used:
D:1:      lightli_arrival_lavapool
D:2:      first_bread, serial_bayou_ford_a
D:3:      gammafunk_temple_overflow_statue, portal_sewer_entry_d,
          minmay_goblin_outpost, uniq_sigmund
D:4:      grunt_dithmenos_smoke, serial_shops, shop, minmay_strange_pillars,
          kennysheep_small_circle, uniq_grinder
D:5:      nicolae_overflow_hidden_temple, minivault_25, uniq_duvessa,
          uniq_edmund
D:6:      overflow_temple_1_default, minmay_temple_entry_nine_rooms
D:7:      vehumet_crystals
D:8:      hangedman_tree_tricks
D:9:      uniq_grum
D:10:     basic_altar, minmay_misc_feat_plants, uniq_urug
D:11:     lemuel_insect_pit, minmay_lair_entry_lava, serial_shops, shop,
          uniq_snorg
D:12:     orc_0_dummy, basic_altar
Lair:1:   infiniplex_staircase_pool_2
Lair:2:   minmay_holes, zaba_anthell
Lair:3:   dpeg_oklob_gauntlet
Lair:5:   minmay_shoals_entry_hut, bobbens_ice_dragon_lair
Lair:6:   minmay_snake_entry_guardpost_small
Lair:7:   slime_altar_2, basic_altar, bobbens_dragon_lair_wall
Sewer:    sewer_frog_island_01

Action                   |  1- 3 |  4- 6 |  7- 9 | 10-12 | 13-15 || total
-------------------------+-------+-------+-------+-------+-------++-------
Melee: Mace              |    22 |       |       |       |       ||    22
       Whip              |    39 |   213 |   452 |  1197 |   489 ||  2390
       Unarmed           |       |       |       |     6 |     6 ||    12
 Abil: Breathe Fire      |       |       |       |     1 |       ||     1
Evoke: Wand              |       |       |     4 |     4 |     9 ||    17
       Rod               |       |       |       |    11 |     8 ||    19
       Fan of gales      |       |       |       |       |     1 ||     1
  Use: Scroll            |     3 |    10 |     6 |    25 |     9 ||    53
       Potion            |       |     6 |       |    10 |    10 ||    26
 Stab: Sleeping          |     1 |     2 |     3 |     3 |       ||     9
       Paralysed         |     1 |       |       |       |       ||     1
       Petrifying        |       |       |     2 |     1 |       ||     3
       Invisible         |       |       |       |     3 |    19 ||    22
       Petrified         |       |       |       |     2 |       ||     2
       Confused          |       |       |       |    19 |     5 ||    24
       Distracted        |       |       |       |     1 |       ||     1
       Fleeing           |       |       |       |       |     1 ||     1
  Eat: Chunk             |     1 |    12 |    12 |    25 |     7 ||    57
       Beef jerky        |       |       |     3 |     1 |     1 ||     5
       Bread ration      |       |       |       |     3 |     1 ||     4
       Fruit             |       |       |       |       |     2 ||     2

Vault maps used:
D:1:      lightli_arrival_lavapool
D:2:      first_bread, serial_bayou_ford_a
D:3:      gammafunk_temple_overflow_statue, portal_sewer_entry_d,
          minmay_goblin_outpost, uniq_sigmund
D:4:      grunt_dithmenos_smoke, serial_shops, shop, minmay_strange_pillars,
          kennysheep_small_circle, uniq_grinder
D:5:      nicolae_overflow_hidden_temple, minivault_25, uniq_duvessa,
          uniq_edmund
D:6:      overflow_temple_1_default, minmay_temple_entry_nine_rooms
D:7:      vehumet_crystals
D:8:      hangedman_tree_tricks
D:9:      uniq_grum
D:10:     basic_altar, minmay_misc_feat_plants, uniq_urug
D:11:     lemuel_insect_pit, minmay_lair_entry_lava, serial_shops, shop,
          uniq_snorg
D:12:     orc_0_dummy, basic_altar
Lair:1:   infiniplex_staircase_pool_2
Lair:2:   minmay_holes, zaba_anthell
Lair:3:   dpeg_oklob_gauntlet
Lair:5:   minmay_shoals_entry_hut, bobbens_ice_dragon_lair
Lair:6:   minmay_snake_entry_guardpost_small
Lair:7:   slime_altar_2, basic_altar, bobbens_dragon_lair_wall
Sewer:    sewer_frog_island_01

Table legend:
 A = Turns spent in this place as a percentage of turns spent in the entire game.
 B = Non-inter-level travel turns spent in this place as a percentage of non-inter-level travel turns spent in the entire game.
 C = Inter-level travel turns spent in this place as a percentage of turns spent in this place.
 D = Turns resting spent in this place as a percentage of non-inter-level travel turns spent in this place.
 E = Turns spent auto-exploring this place as a percentage of non-inter-level travel turns spent in this place.
 F = Non-inter-level travel turns spent in this place divided by the number of levels of this place that you've seen.
                   A       B       C       D       E      F
               +-------+-------+-------+-------+-------+----------------------
         Total | 100.0 | 100.0 |   0.4 |   1.6 |   8.1 | 373.4
       Dungeon |  54.6 |  54.5 |   0.5 |   2.1 |  10.1 | 339.1
          Lair |  42.3 |  42.3 |   0.2 |   1.1 |   6.0 | 451.7
         Sewer |   3.1 |   3.2 |   0.0 |   0.0 |   1.3 | 236.0
               +-------+-------+-------+-------+-------+----------------------

Table legend:
 A = Kills in this place as a percentage of kills in entire the game.
 B = Kills by you in this place as a percentage of kills by you in the entire game.
 C = Kills by friends in this place as a percentage of kills by friends in the entire game.
 D = Other kills in this place as a percentage of other kills in the entire game.
 E = Experience gained in this place as a percentage of experience gained in the entire game.
 F = Experience gained in this place divided by the number of levels of this place that you have seen.
                   A       B       C       D       E      F
               +-------+-------+-------+-------+-------+----------------------
         Total | 100.0 | 100.0 | 100.0 | 100.0 | 100.0 | 2703.8
       Dungeon |  55.4 |  54.9 |  81.8 |  54.5 |  26.9 | 1213.3
          Lair |  40.8 |  41.2 |  18.2 |  45.5 |  72.9 | 5628.7
         Sewer |   3.8 |   3.9 |   0.0 |   0.0 |   0.2 | 114.0
               +-------+-------+-------+-------+-------+----------------------
